 Dungeon Crawl Stone Soup version 0.30.1-11-g7821555f0a (webtiles) character file.

Game seed: 16739462742163243646

2470 Okkudo the Cleaver (level 9, -4/83 HPs)
             Began as a Hill Orc Monk on Dec 8, 2023.
             Killed from afar by a steam dragon (14 damage)
             ... with a ball of steam
             ... on level 7 of the Dungeon.
             The game lasted 00:18:53 (6023 turns).

Okkudo the Cleaver (Hill Orc Monk)                  Turns: 6023, Time: 00:18:54

Health: -4/83      AC: 11    Str: 18    XL:     9   Next: 51%
Magic:  0/9        EV:  8    Int: 16    God:
Gold:   232        SH:  0    Dex: 13    Spells: 8/8 levels left

rFire   . . .        d - +3 battleaxe
rCold   . . .        (shield currently unavailable)
rNeg    . . .        e - +0 chain mail
rPois   .            (no helmet)
rElec   .            m - +1 cloak
rCorr   .            o - +0 pair of gloves
SInv    .            (no boots)
Will    .....        C - amulet of guardian spirit Stlth
                     h - +6 ring of intelligence
HPRegen 0.33/turn    (no ring)
MPRegen 0.11/turn

%: guardian spirit
@: no status effects
A: no striking features
a: no special abilities


You were on level 7 of the Dungeon.
You visited 1 branch of the dungeon, and saw 7 of its levels.
You also visited: Ossuary.

You collected 441 gold pieces.
You spent 209 gold pieces at shops.

Inventory:

Hand Weapons
 a - a +0 hand axe
 d - a +3 battleaxe (weapon)
Missiles
 x - 3 poisoned darts (quivered)
Armour
 e - a +0 chain mail (worn)
 m - a +1 cloak (worn)
 o - a +0 pair of gloves (worn)
 D - a +0 buckler
Jewellery
 h - a +6 ring of intelligence (left hand)
 C - an amulet of guardian spirit (around neck)
Wands
 w - a wand of flame (16)
 E - a wand of roots (10)
Scrolls
 b - 3 scrolls of amnesia
 g - 2 scrolls of magic mapping
 j - 3 scrolls of vulnerability
 k - 4 scrolls of noise
 n - a scroll of brand weapon
 q - 3 scrolls of enchant weapon
 r - 3 scrolls of identify
 s - a scroll of immolation
 v - a scroll of fog
 y - a scroll of teleportation {unknown}
 G - a scroll of poison {unknown}
 I - a scroll of enchant armour
Potions
 c - 6 potions of curing
 f - 3 potions of attraction
 i - 4 potions of heal wounds {unknown}
 l - a potion of lignification {unknown}
 p - a potion of magic {unknown}
 t - a potion of ambrosia
 u - 3 potions of mutation {unknown}
 z - a potion of invisibility {unknown}
 A - a potion of berserk rage {unknown}
 B - a potion of might {unknown}
 H - 2 potions of degeneration {unknown}
 J - a potion of flight {unknown}
 K - a potion of brilliance {unknown}


   Skills:
 + Level 9.0 Fighting
 * Level 12.6 Axes
 - Level 3.3 Dodging
 + Level 4.2 Shields


You had 8 spell levels left.
You didn't know any spells.
Your spell library contained the following spells:

 Spells                   Type           Power      Damage    Failure   Level
 Beastly Appendage        Tmut           0%         N/A       95%         1
 Foxfire                  Conj/Fire      0%         2x1d4     95%         1
 Wereblood                Tmut           0%         N/A       99%         2
 Inner Flame              Hex/Fire       0%         N/A       100%        3
 Spider Form              Tmut/Pois      0%         N/A       100%        3
 Flame Wave               Conj/Fire      0%         2d4       100%        4
 Sticky Flame             Conj/Fire      0%         2d3       100%        4
 Fireball                 Conj/Fire      0%         3d3       100%        5
 Plasma Beam              Fire/Air       0%         2x1d11    100%        6
 Starburst                Conj/Fire      0%         6d3       100%        6
 Borgnjor's Revivificati  Necr           0%         N/A       100%        8
 Necromutation            Tmut/Necr      0%         N/A       100%        8
 Death's Door             Necr           0%         N/A       100%        9


Dungeon Overview and Level Annotations

Branches:
Dungeon (7/15)             Temple (0/1) D:5         Ossuary (visited)

Altars:
Kikubaaqudgha
Nemelex Xobeh
Okawaru
Qazlal
Ru
Uskayaw
Xom

Shops:
D:6 *


Message History

The orc is engulfed in a cloud of scalding steam.
The steam dragon bites you.
* * * LOW HITPOINT WARNING * * *
The steam dragon completely misses you.
As you read the scroll labelled LOTZAI UNOKI, it crumbles to dust.
You assume a fearsome visage.
The steam dragon looks frightened!
The orc looks frightened! x2; It was a scroll of fear.
You are engulfed in a cloud of scalding steam.
* * * LOW HITPOINT WARNING * * *
Things that are here:
a +0 dagger; a +0 robe; an orc corpse
Things that are here:
a +0 hand axe of flaming; a +0 chain mail; an orc corpse You slash the orc!
You kill the orc!
You start resting.
A steam dragon is nearby!
The steam dragon breathes steam at you. The ball of steam hits you!
* * * LOW HITPOINT WARNING * * *
You hear a shout!
You slash the steam dragon!
The steam dragon is almost dead.
You are engulfed in a cloud of scalding steam.
* * * LOW HITPOINT WARNING * * *
The steam dragon bites you.
* * * LOW HITPOINT WARNING * * *
The steam dragon claws you.
* * * LOW HITPOINT WARNING * * *
You feel better.
You are engulfed in a cloud of scalding steam.
The steam dragon bites you but does no damage.
The steam dragon closely misses you.
The steam dragon attacks as you move away!
The steam dragon barely misses you. x2
You barely miss the steam dragon.
The steam dragon is almost dead.
The steam dragon breathes steam at you. The ball of steam hits you!
You die...

######## #......### ######
#.#.#....# #....#
#####.#...##..
#########.##.#####.....#...###.
#.....).#.##.D@....#.##..#..###
#.........########...#..##...##
#..####.### #......###.#..# #.#
#.#...##.'.##.# #)#
#.#..#.###.##.. #.##.##)#####
#...##..##.##.# #......)....#
#..###...#..#.# ###o..#.....#
...##.'......#.# #..........#
#.#..###...#....#


You could see a steam dragon (catching breath).

Vanquished Creatures
  A hornet zombie (Ossuary)
  An orc warrior (D:7)
  An ogre (D:6)
  3 phantoms
  A wyvern zombie (Ossuary)
  2 scorpions (D:5)
  2 water moccasin zombies (Ossuary)
  A water moccasin skeleton (D:5)
  3 wights (D:6)
  2 vampire bats (D:6)
  8 bullfrog zombies (Ossuary)
  5 centaur zombies (Ossuary)
  A jelly (D:5)
  5 hounds
  A centaur skeleton (D:4)
  A sleepcap (D:6)
  An orc wizard (D:5)
  3 iguanas
  3 killer bee zombies (Ossuary)
  2 hound zombies (D:4)
  2 hound skeletons (D:4)
  15 mummies
  A howler monkey zombie (Ossuary)
  9 gnolls
  8 adders
  A shadow imp (D:6)
  2 adder zombies (D:4)
  3 worms (D:2)
  4 dart slugs
  11 orcs
  6 bats
  2 bat skeletons (D:6)
  2 bat zombies (D:6)
  7 endoplasms
  4 giant cockroaches
  7 goblins
  4 hobgoblins
  6 jackals
  11 quokkas
  6 ball pythons
  14 frilled lizards
  A goblin zombie (D:7)
  A hobgoblin zombie (D:7)
  8 kobolds
  A quokka skeleton (D:4)
  6 rats
189 creatures vanquished.

Vanquished Creatures (others)
  2 orc wizards (D:7)
2 creatures vanquished.

Grand Total: 191 creatures vanquished

Notes
Turn   | Place    | Note
-------+----------+-------------------------------------------
     0 | D:1      | Okkudo the Hill Orc Monk began the quest for the Orb.
     0 | D:1      | Reached XP level 1. HP: 19/19 MP: 1/1
    77 | D:1      | Reached XP level 2. HP: 27/27 MP: 2/2
   126 | D:1      | Reached XP level 3. HP: 27/33 MP: 3/3
   674 | D:2      | Reached XP level 4. HP: 41/41 MP: 4/4
   914 | D:2      | Reached skill level 5 in Axes
  1067 | D:2      | Found a faded altar of an unknown god.
  1325 | D:3      | Found a shimmering altar of Xom.
  1372 | D:3      | Reached XP level 5. HP: 37/47 MP: 5/5
  1605 | D:3      | Reached skill level 5 in Fighting
  1885 | D:3      | Found a sacrificial altar of Ru.
  1886 | D:3      | Found a hide-covered altar of Uskayaw.
  2207 | D:4      | Noticed a phantom
  2229 | D:4      | Killed a phantom
  2230 | D:4      | Reached skill level 6 in Axes
  2230 | D:4      | Reached XP level 6. HP: 51/56 MP: 6/6
  2415 | D:4      | Reached skill level 7 in Axes
  2655 | D:4      | Reached XP level 7. HP: 40/63 MP: 7/7
  2822 | D:4      | Reached skill level 8 in Axes
  2981 | D:5      | Entered Level 5 of the Dungeon
  3274 | D:5      | Found a stormy altar of Qazlal.
  3572 | D:5      | Reached skill level 9 in Axes
  3882 | D:5      | Reached XP level 8. HP: 66/73 MP: 8/8
  3933 | D:5      | Found a staircase to the Ecumenical Temple.
  4462 | D:6      | Found an iron altar of Okawaru.
  4499 | D:6      | Found a sparkling altar of Nemelex Xobeh.
  4643 | D:6      | Reached skill level 10 in Axes
  4756 | D:6      | Found Uhyteod's Assorted Antiques.
  4762 | D:6      | Bought a thick bronze amulet for 110 gold pieces
  4767 | D:6      | Bought a buckler for 99 gold pieces
  4815 | D:6      | Reached skill level 1 in Shields
  4990 | D:6      | Found an ancient bone altar of Kikubaaqudgha.
  5298 | D:7      | Found a sand-covered staircase.
  5302 | D:7      | Reached skill level 11 in Axes
  5304 | Ossuary  | Entered an ossuary
  5409 | Ossuary  | Reached XP level 9. HP: 75/81 MP: 9/9
  5476 | Ossuary  | Reached skill level 12 in Axes
  6019 | D:7      | HP: 4/83 [steam dragon (1)]
  6023 | D:7      | Killed from afar by a steam dragon

Illustrated notes

Levels and vault maps discovered:
D:1:      dpeg_arrival_lava_altar, layout_rooms, minmay_tetromino_i2
D:2:      cheibrodos_helix_gallery, layout_basic, basic_ecumenical_altar,
          serial_glass, glass_columns_a, glass_columns_c
D:3:      layout_basic, nicolae_overflow_squiral, xom_confusion_cloud
D:4:      cheibrodos_old_hovel, layout_rooms, serial_undead, serial_undead_e,
          serial_undead_e, serial_undead_b, serial_undead_f
D:5:      layout_basic, mainiacjoe_overflow_alcove_1, minmay_temple_entry_fiery,
          grunt_decor_junction, corexii_hall_statues_i,
          corexii_hall_statues_deadend
D:6:      layout_basic, nicolae_overflow_crystal_walls,
          mainiacjoe_overflow_cross_hatched, kennysheep_vampire_church,
          serial_shops, nicolae_shop_rolling_square, hangedman_decor_riveting,
          minmay_lizard_king
D:7:      layout_loops_cross, fedhas_altar_1, nicolae_ossuary_entry_giza,
          minmay_misc_feat_roman, uniq_crazy_yiuf_cottage

Skill      XL: |  1  2  3  4  5  6  7  8  9 |
---------------+----------------------------+-----
Fighting       | 4 5 6 7 8 9 |  9.0
Dodging        | 3 |  3.3
Axes           | 5 6 7 9 11 12 | 12.6
Shields        | 2 4 |  4.2

Action                     |  1- 3 |  4- 6 |  7- 9 || total
---------------------------+-------+-------+-------++-------
  Melee: Hand axe          |    79 |   234 |   246 ||   559
         Battleaxe         |       |       |   175 ||   175
    Use: Potion            |       |     1 |     3 ||     4
         Scroll            |       |     6 |     8 ||    14
 Armour: Robe              |     4 |       |       ||     4
         Chain mail        |    46 |   109 |   251 ||   406
  Dodge: Dodged            |    48 |    83 |   191 ||   322
  Block: Buckler           |       |       |     8 ||     8
